 Dungeon Crawl Stone Soup version 0.30.1-11-g7821555f0a (webtiles) character file.

Game seed: 638796396988693006

875 ChrisAssaf the Magician (level 8, 9/55 HPs)
             Began as a Djinni Necromancer on Jan 6, 2024.
             Quit the game on level 6 of the Dungeon.
             The game lasted 00:11:41 (2157 turns).

ChrisAssaf the Magician (Djinni Necromancer)        Turns: 2157, Time: 00:11:41

Health: 9/55       AC:  4    Str:  7    XL:     8   Next: 24%
Gold:   166        EV: 13    Int: 25    God:
                   SH:  0    Dex: 14

rFire   + + .        f - +4 rapier (elec)
rCold   x . .        (no shield)
rNeg    . . .        a - +2 robe
rPois   ∞            (no helmet)
rElec   .            (no cloak)
rCorr   .            (no gloves)
SInv    .            (boots unavailable)
Will    .....        (no amulet)
Stlth   ++           g - +6 ring of intelligence
HPRegen 0.29/turn    (no ring)
MPRegen 0.00/turn

%: no passive effects
@: flying
A: sickness immunity, fire resistance 2, cold vulnerability 1, float, innate
caster, HP casting, extra vitality 1
a: no special abilities


You were on level 6 of the Dungeon.
You visited 1 branch of the dungeon, and saw 6 of its levels.

You collected 166 gold pieces.

Inventory:

Hand Weapons
 f - a +4 rapier of electrocution (weapon)
Missiles
 e - a boomerang (quivered)
Armour
 a - a +2 robe (worn)
Jewellery
 g - a +6 ring of intelligence (left hand)
Wands
 b - a wand of charming (5)
Potions
 c - a potion of berserk rage {unknown}


   Skills:
 * Level 2.4 Fighting
 * Level 1.8(2.1) Short Blades
 * Level 1.2(1.8) Long Blades
 * Level 1.2 Throwing
 * Level 2.3 Armour
 * Level 3.3 Dodging
 * Level 2.9 Stealth
 * Level 5.7 Spellcasting


You knew the following spells:

 Your Spells              Type           Power      Damage    Failure   Level
a - Necrotise             Necr           100%       1d9       1%          1
b - Vampiric Draining     Necr           35%        2d8       2%          3
c - Animate Dead          Necr           35%        N/A       8%          4
d - Agony                 Necr           35%        N/A       21%         5
e - Beastly Appendage     Tmut           70%        N/A       1%          1
f - Static Discharge      Conj/Air       70%        2-5/arc   1%          2
g - Ozocubu's Armour      Ice            35%        N/A       2%          3
Your spell library was empty.

Dungeon Overview and Level Annotations

Branches:
Dungeon (6/15)
 Temple: D:4-7

Altars:
The Shining One

Shops:
D:1 ?

Annotations:
D:2 Terence
D:4 1 transporter, bronco's ghost, amateur MeEE


Innate Abilities, Weirdness & Mutations

You are immune to sickness and miasma.
You are immune to poison.
Your flesh is very heat resistant. (rF++)
You are vulnerable to cold. (rC-)
You float through the air rather than walking.
You learn spells naturally, not from books.
Your magical power is your life essence.
You have superior vitality. (+4 MHP)


Message History

The puff of frost misses you. The scorpion stings you.
Casting: Vampiric Draining (dangerous; 2% risk of failure)
Confirm with . or Enter, or press ? or * to list all spells.
Aiming: Vampiric Draining (dangerous; 2% risk of failure)
Press: ? - help, Shift-Dir - straight line, f/p - scorpion
Aim: a scorpion (moderately wounded)
You draw life force from the scorpion!
You feel life coursing into your body. The scorpion stings you.
* * * LOW HITPOINT WARNING * * *
Unknown command.
Casting: Vampiric Draining (dangerous; 2% risk of failure)
Confirm with . or Enter, or press ? or * to list all spells.
The white imp is struck by an arc of lightning.
The white imp is moderately wounded.
The scorpion is struck by an arc of lightning.
The scorpion is almost dead.
You are struck by an arc of lightning.
* * * LOW HITPOINT WARNING * * *
The lightning grounds out.
* * * LOW HITPOINT WARNING * * *
The scorpion closely misses you. The white imp barely misses you.
Unknown command.
Casting: Static Discharge (safe; 1% risk of failure)
Confirm with . or Enter, or press ? or * to list all spells.
Aiming: Vampiric Draining (dangerous; 2% risk of failure)
Press: ? - help, Shift-Dir - straight line, f/p - scorpion
Aim: a scorpion (almost dead)
You draw life force from the scorpion!
You kill the scorpion!
* * * LOW HITPOINT WARNING * * *
The white imp hits you.
* * * LOW HITPOINT WARNING * * *
The white imp freezes you.
You feel a terrible chill!
* * * LOW HITPOINT WARNING * * *
You feel better. The white imp misses you.
Casting: Vampiric Draining (dangerous; 2% risk of failure)
Confirm with . or Enter, or press ? or * to list all spells.
You can't see any susceptible monsters within range! (Use Z to cast anyway.) Unknown command.
Are you sure you want to abandon this character and quit the game? (Confirm with "yes".)

(..................
........#..........
.......##..........
...................
......##..<...# .
......##.....## ...
##....#.......
.....##.....###......
>.....?@....# .#....
#.....5.!.....#.#....
#................ ##.
............#.....
................).
##................
.......####.......
....### ....


You could see a white imp.

Vanquished Creatures
  Eustachio (D:4)
  A water moccasin (D:5)
  2 black bears
  An ogre (D:5)
  A scorpion (D:6)
  3 hounds
  2 iguanas (D:5)
  Robin (D:2)
  4 adders
  3 gnolls (D:3)
  2 shadow imps (D:6)
  3 worms (D:3)
  8 orcs
  An endoplasm (D:1)
  8 goblins
  3 hobgoblins
  A ball python (D:1)
  A bat (D:1)
  A kobold (D:1)
47 creatures vanquished.

Vanquished Creatures (collateral kills)
  A hound (D:5)
  An endoplasm (D:1)
  A frilled lizard (D:2)
3 creatures vanquished.

Grand Total: 50 creatures vanquished

Notes
Turn   | Place    | Note
-------+----------+-------------------------------------------
     0 | D:1      | ChrisAssaf the Djinni Necromancer began the quest for the
                  | Orb.
     0 | D:1      | ChrisAssaf set off with the following spells memorised:
                  | Necrotise, Vampiric Draining, Animate Dead, Agony.
     0 | D:1      | Reached XP level 1. HP: 15/15 MP: 0/0
   195 | D:1      | Reached XP level 2. HP: 21/21 MP: 0/0
   196 | D:1      | Found Wocreag's Magic Scroll Boutique.
   266 | D:2      | Noticed Terence
   580 | D:2      | Noticed Robin
   599 | D:2      | Killed Robin
   600 | D:2      | Reached XP level 3. HP: 4/26 MP: 0/0
   600 | D:2      | Learned a level 1 spell: Beastly Appendage
   712 | D:3      | Reached skill level 1 in Fighting
   727 | D:3      | Reached XP level 4. HP: 22/32 MP: 0/0
   820 | D:4      | Found a transporter.
   827 | D:4      | Noticed bronco's ghost (amateur MeEE)
   830 | D:4      | Noticed a phantom
   838 | D:4      | Reached skill level 4 in Spellcasting
   840 | D:4      | Reached skill level 1 in Armour
   840 | D:4      | Reached XP level 5. HP: 17/37 MP: 0/0
   840 | D:4      | Learned a level 2 spell: Static Discharge
   893 | D:4      | Noticed a black bear
   904 | D:4      | Killed a black bear
   905 | D:4      | Reached skill level 1 in Short Blades
   905 | D:4      | Reached XP level 6. HP: 28/42 MP: 0/0
  1007 | D:4      | Noticed Eustachio
  1022 | D:4      | Killed Eustachio
  1138 | D:5      | Entered Level 5 of the Dungeon
  1148 | D:5      | Reached XP level 7. HP: 38/48 MP: 0/0
  1148 | D:5      | Learned a level 3 spell: Ozocubu's Armour
  1185 | D:5      | Reached skill level 5 in Spellcasting
  1272 | D:5      | Found a glowing golden altar of the Shining One.
  1544 | D:5      | Reached skill level 1 in Throwing
  1898 | D:5      | Noticed a water moccasin
  1905 | D:5      | Killed a water moccasin
  1906 | D:5      | Reached skill level 1 in Long Blades
  1906 | D:5      | Reached XP level 8. HP: 36/54 MP: 0/0
  2155 | D:6      | HP: 2/55 [white imp (6)]
  2157 | D:6      | Quit the game

Illustrated notes

Levels and vault maps discovered:
D:1:      amcnicky_arrival_feature_with_door, layout_loops_corners,
          serial_shops, nicolae_shop_advertising_works
          [nicolae_subvault_shop_adworks], minmay_misc_feat_doors
D:2:      layout_basic, minmay_tromino_v4_c, uniq_jessica, uniq_terence,
          uniq_robin
D:3:      layout_basic, slow_altar_1, nicolae_wormholes
D:4:      layout_gridville, nicolae_uskayaw_murder_on_the_dancefloor,
          minmay_temple_entry_gardened_gates, gammafunk_ghost_mausoleum,
          uniq_eustachio
D:5:      layout_basic, nicolae_vehumet_radiance,
          mainiacjoe_overflow_surrounded_room
D:6:      layout_cave_pools, nemelex_diamond_rough_becter,
          grunt_temple_overflow_open, serial_shops, shop, uniq_grinder

Skill      XL: |  1  2  3  4  5  6  7 |
---------------+----------------------+-----
Fighting       | 1 2 |  2.4
Stealth        | 2 |  2.9
Spellcasting   | 4 5 |  5.7
Armour         | 1 2 |  2.3
Short Blades   | 1 |  1.8
Dodging        | 3 |  3.3
Throwing       | 1 |  1.2
Long Blades    | 1 |  1.2

Action                     |  1- 3 |  4- 6 |  7- 9 || total
---------------------------+-------+-------+-------++-------
  Melee: Dagger            |    29 |     5 |       ||    34
         Rapier            |       |     2 |    20 ||    22
         Punch             |       |     1 |     1 ||     2
  Throw: Boomerang         |       |     2 |     9 ||    11
   Cast: Necrotise         |    16 |     2 |       ||    18
         Vampiric Draining |     6 |    25 |    18 ||    49
         Static Discharge  |       |     4 |     7 ||    11
         Animate Dead      |       |       |     1 ||     1
         Beastly Appendage |       |       |     1 ||     1
    Use: Potion            |     3 |     1 |     1 ||     5
         Scroll            |     2 |       |     5 ||     7
   Stab: Sleeping          |     2 |     1 |     1 ||     4
         Invisible         |     1 |       |       ||     1
 Armour: Robe              |     9 |    11 |    12 ||    32
  Dodge: Dodged            |    21 |    32 |    28 ||    81
